 Dungeon Crawl Stone Soup version 0.22-a0-423-g4197694 (webtiles) character file.

2947 inmateoo the Insei (level 9, 0/68 HPs)
             Began as a Demonspawn Venom Mage on May 23, 2018.
             Was a Priest of Cheibriados.
             Slain by an orc warrior
             ... wielding a cursed -1 battleaxe
              (24 damage)
             ... on level 8 of the Dungeon.
             The game lasted 00:13:43 (6985 turns).

inmateoo the Insei (Demonspawn Venom Mage)          Turns: 6985, Time: 00:13:43

Health: 0/68       AC:  8    Str: 17    XL:     9   Next: 51%
Magic:  5/15       EV: 10    Int: 28    God:    Cheibriados [***...]
Gold:   293        SH:  0    Dex: 21    Spells: 2/17 levels left

rFire    . . .     SeeInvis .     - Unarmed
rCold    . . .     Gourm    .   (no shield)
rNeg     + . .     Faith    .   m - +0 scale mail
rPois    +         Spirit   .   (helmet restricted)
rElec    .         Reflect  .   B - +1 cloak
rCorr    .         Harm     .   (no gloves)
MR       .....                  (no boots)
Stlth    +.........             (no amulet)
HPRegen  0.21/turn              u - ring of positive energy
MPRegen  0.14/turn              i - ring of poison resistance

@: very slightly contaminated, invisible, very slow
A: claws 2, horns 2, talons 1, demonic guardian 2
a: Bend Time, Temporal Distortion, Renounce Religion


You were on level 8 of the Dungeon.
You worshipped Cheibriados.
Cheibriados was most pleased with you.
You were not hungry.

You visited 2 branches of the dungeon, and saw 9 of its levels.

You collected 377 gold pieces.
You spent 84 gold pieces at shops.

Inventory:

Hand Weapons
 p - a +3 blowgun
 D - the +5 short sword of the Skies Above {pierce, Dex+3}
   (You found it on level 7 of the Dungeon)

   It inflicts extra damage upon your enemies.
   It affects your dexterity (+3).
Missiles
 d - 4 needles of paralysis
 g - 17 stones (quivered)
 k - 4 needles of sleeping
 t - 22 poisoned needles
Armour
 a - a +0 robe
 m - a +0 scale mail (worn)
 s - a +1 buckler
 B - a +1 cloak (worn)
Jewellery
 i - a ring of poison resistance (right claw)
 u - a ring of positive energy (left claw)
 A - an uncursed amulet of regeneration {unknown}
 C - an uncursed ring of protection from fire {unknown}
Wands
 x - a wand of digging (12)
Scrolls
 b - 4 scrolls of teleportation
 f - a scroll of vulnerability
 h - 3 scrolls of identify
 o - a scroll of amnesia
 y - 2 scrolls of magic mapping
 z - a scroll of blinking
Potions
 j - 3 potions of flight
 l - a potion of lignification
 n - 2 potions of agility
 q - 5 potions of curing
 v - a potion of heal wounds
 w - a potion of ambrosia
Comestibles
 c - 12 rations


   Skills:
 - Level 5.0 Fighting
 - Level 2.0 Armour
 - Level 2.0 Dodging
 - Level 1.7 Stealth
 - Level 4.0 Shields
 * Level 7.2 Unarmed Combat
 + Level 4.6 Spellcasting
 - Level 1.0 Conjurations
 + Level 2.1 Transmutations
 - Level 6.0 Poison Magic


You had 2 spell levels left.
You knew the following spells:

 Your Spells              Type           Power        Failure   Level  Hunger
a - Sting                 Conj/Pois      ####         5%          1    None
b - Poisonous Vapours     Pois/Air       ###...       11%         2    None
c - Mephitic Cloud        Conj/Pois/Air  ###.....     28%         3    ##.....
d - Olgreb's Toxic Radia  Pois           #####...     21%         4    ####...
e - Blade Hands           Tmut           ###.......   95%         5    #####..

Your spell library contained the following spells:

 Spells                   Type           Power        Failure   Level  Hunger
 Venom Bolt               Conj/Pois      ####......   83%         5    #####..
 Spider Form              Tmut/Pois      ####......   14%         3    ##.....
 Ice Form                 Ice/Tmut       ##......     83%         4    ####...
 Sticks to Snakes         Tmut           ###.....     16%         2    None
 Beastly Appendage        Tmut           ###...       10%         1    None


Dungeon Overview and Level Annotations

Branches:
Dungeon (8/15)             Temple (1/1) D:4
   Lair: D:8-11

Altars:
Ashenzari
Cheibriados
Fedhas
Gozag
Hepliaklqana
Kikubaaqudgha
Makhleb
Nemelex Xobeh
Okawaru
Qazlal
Ru
Sif Muna
Trog
Uskayaw
Vehumet
Wu Jian
Xom
Yredelemnul
Zin
The Shining One

Shops:
D:4 !

Portals:
Bailey: D:8

Annotations:
D:1 exclusion: 2 doors
D:5 Prince Ribbit
D:8 Joseph


Innate Abilities, Weirdness & Mutations

You have very sharp fingernails.
You have a pair of horns on your head.
You have sharp toenails.
A demonic guardian rushes to your aid.


Message History

Unknown command.
The bullfrog gives a loud, deep croak!
You hear a shout!
You kill the orc priest!
Cheibriados appreciates the change of pace.
Joseph, a Mercenary comes into view.
He is wielding a quarterstaff.
The shadow imp closely misses you.
Found a hand axe.
Unknown command.
Unknown command.
Unknown command.
Unknown command.
Unknown command.
The bullfrog looks more healthy.
An orc comes into view. It is wielding a mace.
Found a hand axe.
Found a flagged portal.
Unknown command.
Unknown command.
The shadow imp closely misses you.
The orc warrior hits you with an enchanted battleaxe!!
You die...

.......... ...
##........## ....
#..........# ...
#..@.......###.# .
#..........#)..##.#
#........†))......#
#.......4.<)...#
#....o../#††.##
##...5@)##Z..#####
###..#.##o.......
#.....##†.......##y
#.....#..#....y##
..........#.###...
)...Z.......# ....#
∩)....F..##. ..#..
)......#. .. .#..
....o.. ..


You could see Joseph (wandering), an orc warrior, a shadow imp, a centaur zombie
and a friendly ice devil.

Vanquished Creatures
  Pikel (D:4)
  Sigmund (D:6)
  An orc warrior (D:8)
  2 phantoms (D:7)
  An ice beast (D:7)
  A black bear (D:7)
  A centaur (D:6)
  3 ogres
  5 bullfrogs
  A scorpion (D:6)
  3 killer bees (D:8)
  2 howler monkeys
  5 crimson imps
  A bullfrog zombie (D:5)
  A jelly (D:4)
  A quasit (D:7)
  Crazy Yiuf (D:6)
  4 orc priests
  A hound (D:7)
  2 orc wizards
  A bullfrog skeleton (D:4)
  A worker ant (D:6)
  2 hound skeletons
  A gnoll (D:3)
  10 adders
  A shadow imp (D:6)
  An adder skeleton (D:4)
  A worm (D:4)
  4 dart slugs
  4 leopard geckos
  18 orcs
  10 bats
  A giant cockroach (D:5)
  6 goblins
  9 hobgoblins
  9 jackals
  A quokka (D:3)
  A ball python skeleton (D:4)
  2 frilled lizards
  9 kobolds
  5 rats
  A fungus (D:6)
136 creatures vanquished.

Vanquished Creatures (collateral kills)
  Grinder (D:3)
  The ghost of Veiltonx the Grave Robber, an amateur DsNe (D:3)
  Edmund (D:5)
  A black bear (D:7)
  An ice beast (D:4)
  An iguana (D:8)
  A ball python (D:4)
7 creatures vanquished.

Vanquished Creatures (others)
  A hobgoblin (D:2)
1 creature vanquished.

Grand Total: 144 creatures vanquished

Notes
Turn   | Place    | Note
-------+----------+-------------------------------------------
     0 | D:1      | inmateoo the Demonspawn Venom Mage began the quest for the Orb.
     0 | D:1      | Reached XP level 1. HP: 13/13 MP: 3/3
   214 | D:1      | Gained mutation: You have a pair of small horns on your head. [demonic ancestry]
   214 | D:1      | Reached XP level 2. HP: 18/20 MP: 3/5
   226 | D:1      | Learned a level 2 spell: Poisonous Vapours
   332 | D:1      | Reached skill level 1 in Fighting
   926 | D:2      | Noticed an ogre
   973 | D:3      | Gained mutation: You have sharp fingernails. [demonic ancestry]
   973 | D:3      | Reached XP level 3. HP: 12/26 MP: 2/6
   977 | D:3      | Reached skill level 1 in Unarmed Combat
  1031 | D:3      | Found a blossoming altar of Fedhas.
  1375 | D:3      | Noticed an ogre
  1420 | D:3      | Killed an ogre
  1420 | D:3      | Reached skill level 2 in Unarmed Combat
  1420 | D:3      | Reached XP level 4. HP: 27/33 MP: 2/7
  1592 | D:3      | Found a sparkling altar of Nemelex Xobeh.
  1592 | D:3      | Noticed Grinder
  1636 | D:2      | Learned a level 3 spell: Mephitic Cloud
  1709 | D:3      | Killed an ogre
  1709 | D:3      | Gained mutation: A weak demonic guardian rushes to your aid. [demonic ancestry]
  1709 | D:3      | Reached XP level 5. HP: 8/38 MP: 2/8
  1742 | D:3      | Noticed Veiltonx's ghost (amateur DsNe)
  2060 | D:4      | Found a staircase to the Ecumenical Temple.
  2068 | Temple   | Entered the Ecumenical Temple
  2181 | Temple   | Became a worshipper of Cheibriados the Contemplative
  2217 | D:4      | Noticed a slave
  2217 | D:4      | Noticed a slave
  2351 | D:4      | Found Duuwuocw's Distillery.
  2358 | D:4      | Bought 2 potions of curing for 72 gold pieces
  2358 | D:4      | Bought a potion of degeneration for 12 gold pieces
  2435 | D:4      | Reached skill level 3 in Unarmed Combat
  2560 | D:4      | Noticed Pikel
  2560 | D:4      | Noticed a slave
  2565 | D:4      | Noticed a slave
  2590 | D:4      | Killed Pikel
  2590 | D:4      | Reached skill level 4 in Unarmed Combat
  2590 | D:4      | Reached skill level 5 in Poison Magic
  2590 | D:4      | Gained mutation: You have sharp toenails. [demonic ancestry]
  2590 | D:4      | Reached XP level 6. HP: 43/47 MP: 0/10
  2590 | D:4      | Gained mutation: A demonic guardian rushes to your aid. [demonic ancestry]
  2590 | D:4      | Reached XP level 7. HP: 47/52 MP: 0/11
  2674 | D:4      | Learned a level 4 spell: Olgreb's Toxic Radiance
  2979 | D:3      | Killed Veiltonx's ghost
  3117 | D:3      | Found a faded altar of an unknown god.
  3202 | D:3      | Killed Grinder
  3221 | D:3      | Found a burning altar of Makhleb.
  3351 | D:3      | Found a glowing golden altar of the Shining One.
  3403 | D:3      | Found a hazy altar of Hepliaklqana.
  3541 | D:2      | Reached * piety under Cheibriados
  4112 | D:5      | Entered Level 5 of the Dungeon
  4446 | D:5      | Reached skill level 5 in Unarmed Combat
  4446 | D:5      | Gained mutation: You have a pair of horns on your head. [demonic ancestry]
  4446 | D:5      | Reached XP level 8. HP: 35/60 MP: 13/13
  4582 | D:4      | Found an ancient bone altar of Kikubaaqudgha.
  4627 | D:5      | Reached ** piety under Cheibriados
  4627 | D:5      | Reached skill level 1 in Shields
  4814 | D:5      | Noticed Edmund
  4829 | D:5      | Killed Edmund
  4885 | D:5      | Noticed Prince Ribbit
  5077 | D:6      | Found a deep blue altar of Sif Muna.
  5089 | D:6      | Found a burning altar of Makhleb.
  5093 | D:6      | Found a shimmering altar of Xom.
  5093 | D:6      | Found a basalt altar of Yredelemnul.
  5098 | D:6      | Found a sacrificial altar of Ru.
  5098 | D:6      | Found a snail-covered altar of Cheibriados.
  5098 | D:6      | Found a glowing golden altar of the Shining One.
  5250 | D:6      | Reached skill level 1 in Armour
  5303 | D:6      | Noticed Sigmund
  5309 | D:6      | Killed Sigmund
  5595 | D:6      | Found an iron altar of Okawaru.
  5633 | D:6      | Reached skill level 6 in Unarmed Combat
  6012 | D:6      | Found a runed door.
  6017 | D:6      | Noticed Crazy Yiuf
  6022 | D:6      | Killed Crazy Yiuf
  6090 | D:7      | Got a crystal short sword
  6091 | D:7      | Identified the +5 short sword of the Skies Above {pierce, Dex+3} (You found it on level 7 of the Dungeon)
  6149 | D:7      | Gained mutation: You have very sharp fingernails. [demonic ancestry]
  6149 | D:7      | Reached XP level 9. HP: 60/66 MP: 15/15
  6156 | D:7      | Learned a level 5 spell: Blade Hands
  6282 | D:7      | Noticed a hand axe
  6282 | D:7      | Noticed a hand axe
  6297 | D:7      | Found a hide-covered altar of Uskayaw.
  6366 | D:7      | Reached *** piety under Cheibriados
  6534 | D:7      | Reached skill level 1 in Transmutations
  6610 | D:7      | Found a glowing silver altar of Zin.
  6690 | D:7      | Found a bloodstained altar of Trog.
  6694 | D:7      | Reached skill level 5 in Fighting
  6977 | D:8      | Reached skill level 7 in Unarmed Combat
  6983 | D:8      | Noticed Joseph
  6984 | D:8      | Found a flagged portal.
  6985 | D:8      | Slain by an orc warrior

Vault maps used:
D:1:      co_arrival_random_square_maze, minmay_pentomino_q4
D:2:      lemuel_flame_loot_1
D:3:      kennysheep_big_flooded_room, lemuel_round_altar, lemuel_doored_altar,
          overflow_temple_1_default, lemuel_crystal_altar,
          chequers_ecumenical_altar_lobes, nicolae_tso_carved_into_rock,
          uniq_grinder
D:4:      nicolae_overflow_hidden_temple, minmay_temple_entry_glassed_door,
          serial_shops, nicolae_shop_stone, uniq_pikel
D:5:      first_ration, uniq_prince_ribbit1, uniq_edmund
D:6:      doesnt_xom_only_xom, old_standard_altar, led_sif_pool, uniq_sigmund,
          uniq_crazy_yiuf_cottage
D:7:      dancing_weapons_uskayaw, zin_treasury, trog_ov_bears_minmay
D:8:      grunt_dithmenos_smoke_and_mirrors, enter_bailey_2,
          kennysheep_generic_room_14, uniq_joseph
Temple:   nicolae_temple_figure_zero

Skill      XL: |  1  2  3  4  5  6  7  8  9 |
---------------+----------------------------+-----
Fighting       | 1 2 3 4 5 |  5.0
Unarmed Combat | 2 4 5 6 7 |  7.2
Poison Magic   | 4 5 6 |  6.0
Spellcasting   | 3 4 |  4.6
Dodging        | 2 |  2.0
Shields        | 3 4 |  4.0
Armour         | 2 |  2.0
Transmutations | 2 |  2.1
Stealth        | |  1.7
Conjurations   | |  1.0

Action                   |  1- 3 |  4- 6 |  7- 9 || total
-------------------------+-------+-------+-------++-------
Melee: Mace              |    36 |    17 |       ||    53
       Club              |     2 |       |       ||     2
       Headbutt          |     3 |     5 |    38 ||    46
       Unarmed           |       |    25 |   273 ||   298
       Kick              |       |       |    78 ||    78
       Punch             |       |       |     7 ||     7
 Fire: Blowgun           |     8 |     6 |       ||    14
 Cast: Sting             |    38 |     3 |       ||    41
       Poisonous Vapours |     5 |     7 |     8 ||    20
       Mephitic Cloud    |       |     1 |     1 ||     2
       Olgreb's Toxic Ra |       |       |     2 ||     2
  Use: Potion            |       |     1 |     1 ||     2
       Scroll            |       |       |    18 ||    18
 Stab: Sleeping          |     1 |     1 |     7 ||     9
       Confused          |       |     2 |       ||     2
  Eat: Chunk             |     2 |     1 |     7 ||    10
       Ration            |       |     1 |     1 ||     2
Armor: Robe              |    10 |     6 |    15 ||    31
       Scale mail        |       |       |    96 ||    96
Dodge: Dodged            |    54 |    31 |   155 ||   240

Table legend:
 A = Spawn XP
 B = Non-spawn XP
 C = Spawn XP percentage of total XP
 D = Spawn monster count
 E = Non-spawn monster count
 F = Spawn count percentage of total count
 G = Total turns spent on level
                    A         B        C        D         E        F      G
               +---------+---------+-------+---------+---------+-------+---------
         Total |       0 |    4211 |   0.0 |       0 |     142 |   0.0 |  6985
               +---------+---------+-------+---------+---------+-------+---------
           D:1 |       0 |      35 |   0.0 |       0 |      19 |   0.0 |   924
           D:2 |       0 |      61 |   0.0 |       0 |      16 |   0.0 |   703
           D:3 |       0 |     534 |   0.0 |       0 |      28 |   0.0 |  1249
           D:4 |       0 |     711 |   0.0 |       0 |      13 |   0.0 |  1138
           D:5 |       0 |     414 |   0.0 |       0 |      17 |   0.0 |   913
           D:6 |       0 |     812 |   0.0 |       0 |      20 |   0.0 |  1021
           D:7 |       0 |    1110 |   0.0 |       0 |      15 |   0.0 |   882
           D:8 |       0 |     534 |   0.0 |       0 |      14 |   0.0 |    20
               +---------+---------+-------+---------+---------+-------+---------
